 Dungeon Crawl Stone Soup version 0.21-a0-496-g696f58f (webtiles) character file.

7602 theanonym the Destroyer (level 10, 0/74 HPs)
             Began as a Demonspawn Ice Elementalist on Nov 24, 2017.
             Was a Believer of Kikubaaqudgha.
             Succumbed to Erica's bolt of poison
             ... on level 9 of the Dungeon.
             The game lasted 00:47:29 (15996 turns).

theanonym the Destroyer (DsIE)                     Turns: 15996, Time: 00:47:30

Health: 0/74       AC: 16    Str: 10    XL:     10   Next: 97%
Magic:  2/20       EV: 12    Int: 19    God:    Kikubaaqudgha [**....]
Gold:   549        SH:  0    Dex: 13    Spells: 2/23 levels left

rFire    . . .     SeeInvis .   u - +4 dagger (flame)
rCold    . . .     Gourm    .   (no shield)
rNeg     . . .     Faith    .   x - +2 robe {MR+}
rPois    .         Spirit   .   (no helmet)
rElec    .         Reflect  .   (no cloak)
rCorr    .         Harm     .   D - +1 pair of gloves
MR       +....                  (no boots)
Stlth    ++++......             (no amulet)
HPRegen  0.22/turn              (no ring)
MPRegen  0.17/turn              (no ring)

@: lethally poisoned (0 -> -17), icy armour, slow
A: talons 1, icy blue scales 2, nightstalker 2
a: Receive Corpses, Renounce Religion


Innate Abilities, Weirdness & Mutations

You have sharp toenails.
You are mostly covered in icy blue scales. (AC +3)
You are significantly more attuned to the shadows.


   Skills:
 - Level 5.0 Fighting
 - Level 1.7 Dodging
 - Level 1.7 Stealth
 + Level 7.0 Spellcasting
 - Level 10.0 Conjurations
 - Level 10.0 Ice Magic


You had 2 spell levels left.
You knew the following spells:

 Your Spells              Type           Power        Failure   Level  Hunger
a - Throw Frost           Conj/Ice       #####.       1%          2    None
b - Throw Icicle          Conj/Ice       #####...     1%          4    ###....
c - Iskenderun's Mystic   Conj           #####...     1%          4    ###....
d - Summon Ice Beast      Ice/Summ       ####....     13%         4    ###....
e - Corpse Rot            Necr           N/A          16%         2    None
f - Blink                 Tloc           N/A          16%         2    None
g - Ozocubu's Armour      Chrm/Ice       ####....     3%          3    #......

Skill      XL: |  1  2  3  4  5  6  7  8  9 10 |
---------------+-------------------------------+-----
Spellcasting   | 3 4 7 |  7.0
Ice Magic      | 3 4 5 7 9 10 | 10.0
Conjurations   | 2 3 4 5 7 9 10 | 10.0
Fighting       | 5 |  5.0
Dodging        | |  1.7
Stealth        | |  1.7

Action                   |  1- 3 |  4- 6 |  7- 9 | 10-12 || total
-------------------------+-------+-------+-------+-------++-------
Melee: Short sword       |    34 |    38 |       |       ||    72
       Spear             |     4 |       |       |       ||     4
       Kick              |     4 |     9 |    17 |    18 ||    48
       Dagger            |       |    20 |   121 |   121 ||   262
 Cast: Freeze            |    40 |    47 |   171 |    71 ||   329
       Throw Frost       |     3 |     2 |    34 |    26 ||    65
       Throw Icicle      |       |       |    32 |    49 ||    81
       Ozocubu's Armour  |       |       |    15 |     7 ||    22
       Summon Ice Beast  |       |       |    12 |     7 ||    19
       Corpse Rot        |       |       |       |     2 ||     2
       Blink             |       |       |       |     1 ||     1
Invok: Receive Corpses   |       |       |       |     1 ||     1
Evoke: Wand              |       |       |     2 |     2 ||     4
  Use: Scroll            |       |    15 |     8 |     6 ||    29
       Potion            |       |     1 |     5 |     3 ||     9
 Stab: Sleeping          |     5 |    10 |     7 |     2 ||    24
       Paralysed         |       |       |     3 |       ||     3
  Eat: Chunk             |     1 |     4 |    18 |    15 ||    38
       Bread ration      |     1 |       |       |       ||     1
       Meat ration       |       |       |     2 |     2 ||     4
       Fruit             |       |       |     7 |       ||     7
       Royal jelly       |       |       |       |     1 ||     1
Armor: Robe              |    11 |    17 |   107 |    66 ||   201
       Skin              |       |       |    18 |       ||    18
Dodge: Dodged            |    44 |    62 |   214 |   114 ||   434

Inventory:

Hand Weapons
 u - a +4 dagger of flaming (weapon)
   (You took it off an orc on level 3 of the Dungeon)
 C - a +0 blowgun
   (You took it off a kobold on level 7 of the Dungeon)
Missiles
 j - a throwing net (quivered)
Armour
 x - a +2 robe of magic resistance (worn)
   (You took it off an orc on level 3 of the Dungeon)
 B - the +0 pair of boots "Tethrete" {rElec rCorr Slay+5 Stlth-}
   (You found it on level 7 of the Dungeon)

   It affects your accuracy and damage with ranged weapons and melee attacks
   (+5).
   It insulates you from electricity.
   It protects you from acid and corrosion.
   It makes you less stealthy.
 D - a +1 pair of gloves (worn)
   (You found it on level 7 of the Dungeon)
Wands
 d - a wand of digging (11)
   (You found it on level 6 of the Dungeon)
 p - a wand of flame (16)
   (You found it on level 5 of the Dungeon)
 v - a wand of acid (6)
   (You took it off a crimson imp on level 9 of the Dungeon)
 A - a wand of paralysis (9)
   (You found it on level 7 of the Dungeon)
Scrolls
 f - a scroll of fog {!r}
 h - a scroll of enchant weapon
 r - a scroll of identify
 s - 5 scrolls of amnesia
 t - 4 scrolls of teleportation {!r}
 w - 3 scrolls of remove curse
 y - a scroll of magic mapping {!r}
Potions
 a - a potion of might
 e - 2 potions of degeneration
 g - a potion of brilliance
 i - a potion of curing
 o - 2 potions of flight
 q - 3 potions of heal wounds
 z - 2 potions of haste
 E - a potion of agility
 I - a potion of lignification
Books
 b - Kikubaaqudgha's Handbook of Necromancy {god gift}
   (Kikubaaqudgha gifted it to you on level 9 of the Dungeon)

   Spells                             Type                      Level
   a - Pain                           Necromancy                   1
   b - Corpse Rot                     Necromancy                   2
   c - Sublimation of Blood           Necromancy                   2
   d - Regeneration                   Charms/Necromancy            3
   e - Control Undead                 Necromancy                   4
 H - a book of Minor Magic
   (You found it on level 9 of the Dungeon)

   Spells                             Type                      Level
   a - Magic Dart                     Conjuration                  1
   b - Blink                          Translocation                2
   c - Call Imp                       Summoning                    2
   d - Slow                           Hexes                        2
   e - Conjure Flame                  Conjuration/Fire             3
   f - Mephitic Cloud                 Conjuration/Poison/Air       3
 J - a book of Conjurations
   (You found it on level 9 of the Dungeon)

   Spells                             Type                      Level
   a - Magic Dart                     Conjuration                  1
   b - Searing Ray                    Conjuration                  2
   c - Dazzling Spray                 Conjuration/Hexes            3
   d - Fulminant Prism                Conjuration/Hexes            4
   e - Force Lance                    Conjuration/Translocation    4
   f - Iskenderun's Mystic Blast      Conjuration                  4
Comestibles
 c - 8 bread rations
 k - 3 royal jellies
 l - a meat ration
 G - 5 fruits

Dungeon Overview and Level Annotations

Branches:
Dungeon (10/15)            Temple (1/1) D:7
   Lair: D:8-11         Orc: D:9-12

Altars:
Ashenzari
Cheibriados
Elyvilon
Fedhas
Hepliaklqana
Kikubaaqudgha
Makhleb
Okawaru
Sif Muna
Trog
Vehumet
Wu Jian
Xom
Yredelemnul
Beogh

Shops:
D:7 (

Annotations:
D:5 theanonym's ghost, novice DsIE
D:6 kae's ghost, novice TeFE
D:7 Laiders's ghost, novice TrMo
D:8 Maurice
D:10 Erica


You were on level 9 of the Dungeon.
You worshipped Kikubaaqudgha.
Kikubaaqudgha was pleased with you.
You were not hungry.

You visited 2 branches of the dungeon, and saw 11 of its levels.
You also visited: Sewer.

You collected 549 gold pieces.


Message History

You now have 7/20 mp.
Aim: an orc, wielding a falchion and wearing a ring mail The puff of frost hits the orc.
* * * LOW MAGIC WARNING * * *
The orc closely misses you.
You now have 5/20 mp.
Aim: an orc, wielding a falchion and wearing a ring mail (almost dead)
The puff of frost hits the orc.
You kill the orc!
Kikubaaqudgha accepts your kill.
* * * LOW MAGIC WARNING * * *
You now have 3/20 mp.
There is a stone staircase leading up here.
You climb upwards.
There is a stone staircase leading down here.
You start resting.
Health restored: 74; MP restored: 20 You climb downwards.
Level annotation: Erica
There is a stone staircase leading up here.
Unknown command.
A chill wind blows around you. Erica completely misses you.
You now have 16/20 mp.
A film of ice covers your body! Erica hits you but does no damage.
Your ice beast hits Erica.
Your ice beast freezes Erica!
You now have 13/20 mp.
Unknown command.
You aren't carrying any pieces of jewellery.
You blink.
You now have 11/20 mp.
Aim: Erica, wielding a scimitar of flaming and wearing an embroidered robe (lightly wounded)
Okay, then.
Aim: Erica, wielding a scimitar of flaming and wearing an embroidered robe (lightly wounded)
The shard of ice hits Erica.
* * * LOW MAGIC WARNING * * *
You now have 7/20 mp.
Aim: Erica, wielding a scimitar of flaming and wearing an embroidered robe (moderately wounded)
The shard of ice hits Erica.
* * * LOW MAGIC WARNING * * *
Erica drinks a potion.
Erica is healed!
Your ice beast closely misses Erica.
You now have 3/20 mp.
No previous command to re-do.
Unknown command.
Unknown command.
Aim: Erica, wielding a scimitar of flaming and wearing an embroidered robe (moderately wounded)
The shard of ice hits Erica.
* * * LOW MAGIC WARNING * * *
Erica gestures wildly while chanting.
Erica flickers and vanishes!
Your ice beast closely misses something.
You now have 0/20 mp.
You barely miss something. Something hits you but does no damage.
Your ice beast barely misses something.
You hit something but do no damage.
You hear some strange, mumbled words.
A bolt of poison appears from out of thin air!
The bolt of poison hits you!
You are poisoned.
Your ice beast hits something.
Your ice beast freezes something!
You take 7 damage, and have 67/74 hp.
You feel sick.
You hear some strange, mumbled words.
A bolt of poison appears from out of thin air!
The bolt of poison hits your ice beast.
You see here 20 sling bullets.
You take 1 damage, and have 66/74 hp.
You closely miss something. Your kick misses something.
You feel sick. Something hits you. Something burns you.
The heat melts your icy armour.
You take 9 damage, and have 57/74 hp.
You closely miss something.
You feel sick. Something hits you. Something burns you.
The heat melts your icy armour.
You take 7 damage, and have 50/74 hp.
You swap places.
You feel sick.
You hear some strange, mumbled words.
An orb of energy appears from out of thin air!
The orb of energy hits you!
* * * LOW HITPOINT WARNING * * *
The orb of energy explodes!
You hear a shout!
You take 26 damage, and have 24/74 hp.
MASSIVE DAMAGE!!
You feel sick.
The orc shouts!
Something barely misses your ice beast.
You feel sick.
There is a stone staircase leading up here.
You take 1 damage, and have 23/74 hp.
You hear some strange, mumbled words.
A bolt of poison appears from out of thin air!
The bolt of poison hits your ice beast.
Your ice beast is poisoned.
The bolt of poison hits you!
You are more poisoned.
* * * LOW HITPOINT WARNING * * *
The bolt of poison hits the orc.
The orc is poisoned.
The orc dies!
You climb upwards.
Your summoned ally is left behind.
You die...
Kikubaaqudgha rasps: "You have failed me!
Welcome... death!"

####### ########## ......###
#........# ########
......'.###........# #......#
......#..##........####......#
......##..#........'.##..<...#
......###.#........#..#......#
......# #.#........##.'......#
.)....# #.'........####......#
###'### ###.....@..# ####'###
#...# ######'### #.## ..###
#.....# #..# ######## #.#####
##.# .#.#...# ##'##### #.#
.#.#.#.# #......# ####'#####
.#...#.####......#######.........
.#####)..#)......'...............
.))..).#.........###..####.)####.


There were no monsters in sight!

Notes
Turn   | Place    | Note
-------+----------+-------------------------------------------
     0 | D:1      | theanonym the Demonspawn Ice Elementalist began the quest for the Orb.
     0 | D:1      | Reached XP level 1. HP: 13/13 MP: 3/3
   262 | D:1      | Gained mutation: You have sharp toenails. [demonic ancestry]
   262 | D:1      | Reached XP level 2. HP: 15/19 MP: 0/5
   490 | D:1      | Reached skill level 3 in Spellcasting
   494 | D:1      | Learned a level 2 spell: Throw Frost
  1013 | D:2      | HP: 6/19 [orc/flail (4)]
  1015 | D:1      | Gained mutation: You are slightly more attuned to the shadows. [demonic ancestry]
  1015 | D:1      | Reached XP level 3. HP: 8/24 MP: 3/7
  1218 | D:1      | Learned a level 3 spell: Ozocubu's Armour
  1330 | D:1      | HP: 11/24 [worm (11)]
  1352 | D:1      | HP: 8/24 [worm (4)]
  1646 | D:1      | HP: 7/24 [acid (7)]
  1650 | D:1      | Reached skill level 3 in Ice Magic
  1650 | D:1      | Reached XP level 4. HP: 9/30 MP: 1/9
  1866 | D:2      | Reached skill level 2 in Conjurations
  2716 | D:3      | Learned a level 4 spell: Throw Icicle
  2876 | D:3      | HP: 13/30 [orc/war axe (6)]
  3100 | D:3      | Gained mutation: You are partially covered in icy blue scales. (AC +2) [demonic ancestry]
  3100 | D:3      | Reached XP level 5. HP: 35/35 MP: 10/10
  3520 | D:4      | Noticed Grinder
  3528 | D:4      | Killed Grinder
  3528 | D:4      | Reached skill level 4 in Spellcasting
  3528 | D:4      | Reached skill level 3 in Conjurations
  3528 | D:4      | Reached skill level 4 in Ice Magic
  3528 | D:4      | Gained mutation: You are significantly more attuned to the shadows. [demonic ancestry]
  3528 | D:4      | Reached XP level 6. HP: 41/41 MP: 3/12
  3610 | D:4      | Found a basalt altar of Yredelemnul.
  3651 | D:4      | Found a burning altar of Makhleb.
  3653 | D:4      | Noticed a blizzard demon
  3692 | D:4      | Reached skill level 4 in Conjurations
  3706 | D:4      | Gained mutation: You are mostly covered in icy blue scales. (AC +3) [demonic ancestry]
  3706 | D:4      | Reached XP level 7. HP: 46/46 MP: 4/13
  3827 | D:4      | Found a glowing drain.
  3834 | Sewer    | Entered a sewer
  4171 | Sewer    | Reached skill level 5 in Ice Magic
  4177 | Sewer    | Learned a level 4 spell: Summon Ice Beast
  4367 | Sewer    | Reached skill level 5 in Conjurations
  4715 | D:4      | HP: 22/46 [orc/hand axe (8)]
  4915 | D:4      | Found an iron altar of Okawaru.
  5198 | D:5      | Entered Level 5 of the Dungeon
  5474 | D:5      | Found a hazy altar of Hepliaklqana.
  5626 | D:5      | Reached XP level 8. HP: 52/52 MP: 11/14
  5743 | D:5      | Reached skill level 6 in Ice Magic
  5943 | D:5      | Found a snail-covered altar of Cheibriados.
  5988 | D:5      | Noticed theanonym's ghost (novice DsIE)
  6037 | D:6      | Reached skill level 6 in Conjurations
  6390 | D:6      | Noticed kae's ghost (novice TeFE)
  7181 | D:6      | Found a transporter.
  7197 | D:6      | Found a deep blue altar of Sif Muna.
  7197 | D:6      | Found a shattered altar of Ashenzari.
  7205 | D:6      | Reached skill level 7 in Conjurations
  7205 | D:6      | Reached skill level 7 in Ice Magic
  7920 | D:6      | Found a transporter.
  8263 | D:7      | Found a shimmering altar of Xom.
  8263 | D:7      | Noticed Laiders's ghost (novice TrMo)
  8268 | D:6      | Reached XP level 9. HP: 51/57 MP: 12/15
  8327 | D:7      | Found Raez's Antique Weapon Emporium.
  8719 | D:6      | Reached skill level 8 in Conjurations
  8850 | D:6      | HP: 28/57 [poisoned by a killer bee]
  8855 | D:6      | HP: 22/57 [poisoned by a killer bee]
  8860 | D:6      | HP: 12/57 [poisoned by a killer bee]
  9523 | D:6      | Reached skill level 8 in Ice Magic
  9706 | D:7      | Found an ornate altar of the Wu Jian Council.
 10151 | D:7      | Found a staircase to the Ecumenical Temple.
 10160 | D:7      | Got a pair of scorched boots
 10191 | Temple   | Entered the Ecumenical Temple
 10195 | Temple   | Became a worshipper of Kikubaaqudgha
 10239 | D:7      | Identified the cursed +0 pair of boots "Tethrete" {rElec rCorr Slay+5 Stlth-} (You found it on level 7 of the Dungeon)
 10365 | D:7      | Noticed a two-headed ogre
 10652 | D:8      | Noticed Prince Ribbit
 10724 | D:8      | Reached skill level 9 in Conjurations
 10858 | D:8      | Killed Prince Ribbit
 10932 | D:8      | Reached skill level 9 in Ice Magic
 11099 | D:8      | Paralysed by a hornet for 1 turns
 11394 | D:8      | Noticed Grum
 11403 | D:8      | Killed Grum
 11410 | D:8      | Reached XP level 10. HP: 59/63 MP: 2/16
 11595 | D:8      | Reached skill level 1 in Fighting
 11599 | D:8      | HP: 30/65 [yak (12)]
 11926 | D:8      | Reached skill level 10 in Conjurations
 12022 | D:8      | Noticed Maurice
 12062 | D:8      | Reached skill level 2 in Fighting
 12276 | D:8      | HP: 27/67 [orc warrior/trident (10)]
 12280 | D:8      | HP: 13/67 [orc warrior/trident (4)]
 12282 | D:8      | HP: 2/67 [orc warrior/trident (11)]
 12831 | D:9      | Reached skill level 3 in Fighting
 13231 | D:9      | Reached * piety under Kikubaaqudgha
 13231 | D:9      | Identified Kikubaaqudgha's Handbook of Necromancy {god gift} (Kikubaaqudgha gifted it to you on level 9 of the Dungeon)
 13231 | D:9      | Received a gift from Kikubaaqudgha
 13231 | D:9      | Reached skill level 10 in Ice Magic
 13374 | D:9      | Learned a level 2 spell: Corpse Rot
 13711 | D:9      | HP: 28/71 [troll (8)]
 13712 | D:9      | Reached skill level 4 in Fighting
 13972 | D:9      | Reached skill level 5 in Spellcasting
 14048 | D:9      | Found a roughly hewn altar of Beogh.
 14775 | D:9      | Reached skill level 5 in Fighting
 15108 | D:10     | Entered Level 10 of the Dungeon
 15135 | D:10     | Found an iron altar of Okawaru.
 15224 | D:10     | Reached ** piety under Kikubaaqudgha
 15265 | D:10     | Noticed a death yak
 15281 | D:10     | Killed a death yak
 15281 | D:10     | Reached skill level 6 in Spellcasting
 15283 | D:10     | Noticed a death yak
 15283 | D:10     | Noticed a death yak
 15348 | D:10     | HP: 32/74 [death yak (15)]
 15350 | D:10     | HP: 12/74 [death yak (21)]
 15367 | D:10     | HP: 9/74 [death yak (7)]
 15382 | D:10     | HP: 5/74 [death yak (7)]
 15731 | D:10     | Learned a level 2 spell: Blink
 15736 | D:10     | Learned a level 4 spell: Iskenderun's Mystic Blast
 15806 | D:10     | Reached skill level 7 in Spellcasting
 15832 | D:10     | Noticed Erica
 15992 | D:10     | HP: 24/74 [something/orb of energy (25)]
 15995 | D:10     | HP: 3/74 [something/bolt of poison (20)]
 15996 | D:9      | Succumbed to Erica's bolt of poison

Vanquished Creatures
  A death yak (D:10)
  A troll (D:9)
  A hornet (D:8)
  Grinder (D:4)
  Prince Ribbit (D:8)
  A hippogriff (D:8)
  2 yaks
  Grum (D:8)
  A fire bat (D:6)
  A steam dragon (D:9)
  A hungry ghost (D:9)
  2 water moccasins (D:9)
  2 porcupines (D:10)
  5 orc warriors
  2 sky beasts
  A necrophage (D:9)
  3 black bears
  3 wolves (D:8)
  4 ogres
  3 centaurs
  4 big kobolds
  4 bullfrogs
  3 scorpions
  10 killer bees
  4 howler monkeys
  4 crimson imps
  A centaur zombie (D:7)
  3 jellies
  9 hounds
  4 orc priests
  A centaur skeleton (D:9)
  An iguana (D:10)
  A worker ant (D:4)
  13 orc wizards
  A hell rat (D:10)
  2 hound skeletons
  A worker ant zombie (D:5)
  15 adders
  3 shadow imps
  2 oozes
  An adder zombie (D:6)
  2 adder skeletons
  3 worms
  5 leopard geckos
  61 orcs
  10 giant cockroaches
  2 goblins
  11 hobgoblins
  8 jackals
  7 quokkas
  5 ball pythons
  6 bats
  3 frilled lizards
  20 kobolds
  9 rats
276 creatures vanquished.

Vanquished Creatures (collateral kills)
  2 yaks (D:8)
  A fire bat (D:6)
  An ogre (D:5)
  An adder (D:6)
  2 orcs
7 creatures vanquished.

Vanquished Creatures (others)
  An orc (D:10)
  A kobold (D:9)
2 creatures vanquished.

Grand Total: 285 creatures vanquished
